 Dungeon Crawl Stone Soup version 0.25.0-11-g1f837a76a1 (webtiles) character file.

Game seed: 5744557457154375337

210 Esekla the Grave Robber (level 5, -6/34 HPs)
             Began as an Octopode Necromancer on June 27, 2020.
             Killed from afar by an orc wizard (11 damage)
             ... with a puff of flame
             ... on level 3 of the Dungeon.
             The game lasted 00:19:31 (3435 turns).

Esekla the Grave Robber (Octopode Necromancer)      Turns: 3435, Time: 00:19:31

Health: -6/34      AC:  1    Str:  8    XL:     5   Next: 88%
Magic:  0/9        EV: 14    Int: 17    God:
Gold:   128        SH:  0    Dex: 13    Spells: 6/10 levels left

rFire    . . .     SeeInvis .   a - +0 falchion
rCold    . . .     Gourm    .   (no shield)
rNeg     . . .     Faith    .   (helmet restricted)
rPois    .         Spirit   +   n - amulet of guardian spirit
rElec    .         Reflect  .   (no ring)
rCorr    .         Harm     .   (no ring)
MR       .....                  (no ring)
Stlth    +++.......             (no ring)
HPRegen  0.11/turn              (no ring)
MPRegen  0.11/turn              (no ring)
                                (no ring)
                                (no ring)

@: lethally poisoned (-6 -> -8), very slightly contaminated
A: almost no armour, stealthy swim, amphibious, 8 rings, constrict 8, camouflage
1, gelatinous body 1
a: no special abilities


You were on level 3 of the Dungeon.
You were not hungry.

You visited 1 branch of the dungeon, and saw 3 of its levels.

You collected 128 gold pieces.

Inventory:

Hand Weapons
 a - a +0 falchion (weapon)
 s - a +0 short sword
Missiles
 p - 4 boomerangs (quivered)
Jewellery
 n - an amulet of guardian spirit (around mantle)
Scrolls
 c - a scroll of identify {unknown}
 d - 4 scrolls of remove curse {unknown}
 f - 3 scrolls of amnesia {unknown}
 g - 2 scrolls of immolation {unknown}
 i - a scroll of enchant weapon {unknown}
 k - a scroll of blinking {unknown}
 l - 3 scrolls of random uselessness {unknown}
 o - 2 scrolls of teleportation {unknown}
Potions
 e - a potion of berserk rage {unknown}
 h - a potion of heal wounds {unknown}
 j - a potion of curing {unknown}
 q - a potion of invisibility {unknown}
 r - a potion of flight {unknown}
Comestibles
 b - 5 rations


   Skills:
 * Level 2.1 Fighting
 + Level 1.6(1.9) Short Blades
 + Level 1.2(1.6) Long Blades
 * Level 3.1 Dodging
 - Level 2.6 Stealth
 * Level 3.2 Spellcasting
 + Level 4.4 Necromancy


You had 6 spell levels left.
You knew the following spells:

 Your Spells              Type           Power        Failure   Level  Hunger
a - Pain                  Necr           ###.         2%          1    None
d - Vampiric Draining     Necr           ###.......   9%          3    ###....

Your spell library contained the following spells:

 Spells                   Type           Power        Failure   Level  Hunger
 Animate Skeleton         Necr           N/A          2%          1    None
 Animate Dead             Necr           N/A          26%         4    ####...
 Agony                    Necr           ###.....     58%         5    ######.


Dungeon Overview and Level Annotations

Branches:
Dungeon (3/15)

Altars:
Vehumet


Innate Abilities, Weirdness & Mutations

You cannot wear most types of armour.
You are very stealthy in the water. (Stealth+)
You are amphibious.
You can wear up to eight rings at the same time.
You can use your tentacles to constrict eight enemies at once.
Your skin changes colour to match your surroundings (Stealth+).
Your rubbery body absorbs attacks. (AC +1, EV +1)


Message History

The orc wizard is lightly wounded.
You constrict the orc wizard, but do no damage.
You feel sick. The orc wizard closely misses you.
The orc wizard hits you with a +0 dagger.
* * * LOW HITPOINT WARNING * * *
You hit the orc wizard.
The orc wizard is moderately wounded.
You constrict the orc wizard. The orc wizard completely misses you.
You riposte.
You completely miss the orc wizard.
You squeeze the orc wizard, but do no damage.
The orc wizard is heavily wounded.
The orc wizard hits you with a +0 dagger.
* * * LOW HITPOINT WARNING * * *
You hit the orc wizard but do no damage.
The orc wizard is heavily wounded.
You constrict the orc wizard, but do no damage.
You feel sick. The orc wizard misses you.
The orc wizard points at you and mumbles some strange words.
The puff of flame hits you!
You die...

#.......###......##.#....
#........##......##.#..##
###.☼............##.#(...
#..☼....#########.#.()#
#..°_...# #.#...#
##...○○## ##.#....
##...○.. .....###..
#....)#####..... ###..
#.##..@oo....... #...^
#.##.###o....... #....
#....# #.....#.# #....
##..### ###...# ###.#
#...# ...# #.# #.###.#
##... ####'# #.....#
#..## #..... #.###.# J#.#
#..... #...# ..# #.....


You could see an orc wizard (fast) and 2 orcs.

Vanquished Creatures
  Crazy Yiuf (D:3)
  5 adders
  4 gnolls
  An adder skeleton (D:3)
  A worm (D:1)
  2 dart slugs (D:1)
  6 leopard geckos
  5 orcs
  A ball python (D:3)
  6 bats
  11 goblins
  9 hobgoblins
  6 jackals
  11 kobolds
  3 frilled lizards
  6 rats
78 creatures vanquished.

Vanquished Creatures (others)
  An ooze (D:3)
  A rat (D:3)
2 creatures vanquished.

Grand Total: 80 creatures vanquished

Notes
Turn   | Place    | Note
-------+----------+-------------------------------------------
     0 | D:1      | Esekla the Octopode Necromancer began the quest for the
                  | Orb.
     0 | D:1      | Reached XP level 1. HP: 11/11 MP: 3/3
   161 | D:1      | Reached XP level 2. HP: 14/18 MP: 5/5
   296 | D:1      | Reached skill level 1 in Fighting
   747 | D:1      | Reached XP level 3. HP: 23/23 MP: 6/6
   752 | D:1      | Learned a level 3 spell: Vampiric Draining
   857 | D:1      | Reached skill level 1 in Short Blades
  1332 | D:1      | Reached XP level 4. HP: 13/28 MP: 3/7
  2622 | D:3      | Reached XP level 5. HP: 27/34 MP: 6/9
  2761 | D:3      | Found a runed translucent door.
  2762 | D:3      | Noticed Crazy Yiuf
  2774 | D:3      | Killed Crazy Yiuf
  3069 | D:3      | Found a radiant altar of Vehumet.
  3133 | D:3      | Reached skill level 1 in Long Blades
  3435 | D:3      | Killed from afar by an orc wizard

Illustrated notes

Levels and vault maps discovered:
D:1:      dpeg_arrival_connections, layout_basic
D:2:      layout_loops_ring, first_ration, chequers_hall_statues_wall_a,
          minmay_misc_feat_iff
D:3:      layout_basic, fiery_altar_vehumet, fountainhead, minmay_quantized,
          uniq_crazy_yiuf_cottage

Skill      XL: |  1  2  3  4  5 |
---------------+----------------+-----
Fighting       | 1 2 |  2.1
Short Blades   | 1 |  1.6
Dodging        | 3 |  3.1
Spellcasting   | 3 |  3.2
Long Blades    | 1 |  1.2
Stealth        | |  2.6
Necromancy     | |  4.4

Action                   |  1- 3 |  4- 6 || total
-------------------------+-------+-------++-------
Melee: Short sword       |    59 |     4 ||    63
       Constrict         |    19 |    31 ||    50
       Tentacles         |    12 |    22 ||    34
       Falchion          |       |   104 ||   104
 Cast: Pain              |     1 |       ||     1
       Vampiric Draining |     4 |     7 ||    11
 Stab: Sleeping          |    10 |     9 ||    19
  Eat: Chunk             |     1 |     8 ||     9
Armor: Skin              |     2 |     6 ||     8
Dodge: Dodged            |    38 |    84 ||   122
       Rpst.: Falchion   |       |    23 ||    23
